 Dungeon Crawl Stone Soup version 0.31-a0-214-gb37851dbb3 (webtiles) character file.

Game seed: 18297161290062484767

61 qw the Chopper (level 4, -1/28 HPs)
             Began as a Gargoyle Fighter on July 1, 2023.
             Slain by Sigmund
             ... wielding a +0 scythe
              (4 damage)
             ... on level 2 of the Dungeon.
             The game lasted 00:00:28 (919 turns).

qw the Chopper (Gargoyle Fighter)                    Turns: 919, Time: 00:00:28

Health: -1/28      AC: 10    Str: 21    XL:     4   Next: 7%
Magic:  4/4        EV:  9    Int:  9    God:
Gold:   41         SH:  0    Dex:  9    Spells: 3/3 levels left

rFire   . . .        Y - +0 war axe
rCold   . . .        c - +0 buckler
rNeg    + . .        b - +0 scale mail
rPois   inf          (no helmet)
rElec   +            (no cloak)
rCorr   .            (no gloves)
SInv    .            (no boots)
Will    .....        (no amulet) Stlth
                     (no ring)
HPRegen 0.24/turn    (no ring)
MPRegen 0.09/turn

%: no passive effects
@: confused
A: sickness immunity, AC +3, negative energy resistance 1, electricity
resistance, torment resistance 1, petrification resistance
a: no special abilities


You were on level 2 of the Dungeon.
You visited 1 branch of the dungeon, and saw 2 of its levels.

You collected 83 gold pieces.
You spent 42 gold pieces at shops.


Innate Abilities, Weirdness & Mutations

You are immune to sickness and miasma.
Your stone body is resilient. (AC +3)
You are immune to poison.
You resist negative energy. (rN+)
You are resistant to electric shocks. (rElec)
You are resistant to unholy torment.
You are immune to petrification.


   Skills:
 - Level 3.2 Fighting
 + Level 3.8 Axes
 - Level 3.2 Armour
 - Level 3.2 Shields


You had 3 spell levels left.
You didn't know any spells.
Your spell library was empty.

Inventory:

Hand Weapons
 i - a +0 whip
 Y - a +0 war axe (weapon)
Armour
 b - a +0 scale mail (worn)
 c - a +0 buckler (worn)
Jewellery
 e - a ring of fire
Scrolls
 h - a scroll of noise {unknown}
Potions
 d - a potion of might
 f - a potion of brilliance {unknown}
 g - a potion of enlightenment {unknown}

Dungeon Overview and Level Annotations

Branches:
Dungeon (2/15)

Altars:

Shops:
D:1 !

Annotations:
D:2 Sigmund


Message History

You closely miss Sigmund.
Sigmund is heavily wounded.
Sigmund barely misses you.
You hit Sigmund but do no damage.
Sigmund is heavily wounded.
You closely miss Sigmund.
Sigmund is heavily wounded.
You hit the worm. Sigmund hits you with a +0 scythe. The worm bites you.
You closely miss Sigmund.
Sigmund is heavily wounded.
You barely miss the worm. Sigmund hits you but does no damage.
You hit Sigmund but do no damage.
Sigmund is heavily wounded.
You hit the worm.
Sigmund mumbles some strange words.
Sigmund flickers and vanishes!
Deactivating autopickup; reactivate with Ctrl-A.
The worm bites you but does no damage.
You hit the worm.
The worm is moderately wounded.
You hit something. Something hits you! The worm barely misses you.
You hit the worm.
The worm is heavily wounded.
You closely miss something. Something hits you. The worm bites you.
You slash the worm!
The worm is almost dead.
You barely miss something. Something hits you. The worm barely misses you.
You hit the worm but do no damage.
The worm is almost dead.
You closely miss something.
You hear some strange, mumbled words.
You are confused.
Something hits you. The worm bites you. Something hits you.
You die...

.# )... .#######.# .#.#
.#.......# ...
.#.#############.####
)....................
.#.####.#####....#
....#..........### .
....#...........####....
....#...........@wg.....
....#..........{####....
....###.########........
......... .....@. ####.
.@.?..w ...@?.. .......
......g .......


You could see a worm and a hobgoblin.

Vanquished Creatures
  Jessica (D:2)
  A gnoll (D:1)
  2 dart slugs
  An orc (D:2)
  2 endoplasms
  A giant cockroach (D:1)
  A goblin (D:1)
  3 hobgoblins (D:1)
  2 jackals (D:1)
  A ball python (D:1)
  3 bats (D:1)
  A kobold (D:1)
  3 rats (D:1)
22 creatures vanquished.

Notes
Turn   | Place    | Note
-------+----------+-------------------------------------------
     0 | D:1      | qw the Gargoyle Fighter began the quest for the Orb.
     0 | D:1      | Reached XP level 1. HP: 14/14 MP: 1/1
     0 | D:1      | 0 ||| qw: Version: 0.3-a-32-g5962c71
     0 | D:1      | 0 ||| qw: Game counter: 7666
     0 | D:1      | 0 ||| qw: Melee chars always use a shield: true
     0 | D:1      | 0 ||| qw: God list: Okawaru
     0 | D:1      | 0 ||| qw: Allow faded altars: false
     0 | D:1      | 0 ||| qw: Do Orc after clearing Dungeon:15 true
     0 | D:1      | 0 ||| qw: Do second Lair branch before Depths: true
     0 | D:1      | 0 ||| qw: Lair rune preference: random
     0 | D:1      | 0 ||| qw: Goals: Normal, Zot:1-4, Slime:5, God:TSO, Crypt,
                  | Tomb, Abyss, Pan, Hells, Win
     0 | D:1      | 0 ||| PLANNING D:1-11
   109 | D:1      | You fall into a shaft and drop 1 floor!
   151 | D:2      | 151 ||| READING scroll labelled KIPLALOSIG.
   243 | D:1      | Reached XP level 2. HP: 19/19 MP: 2/2
   319 | D:1      | 319 ||| DROPPING +0 club.
   392 | D:1      | Found Diawal's Distillery.
   406 | D:1      | 406 ||| SHOPLISTING 2 potions of haste (280 gold, have 53).
   406 | D:1      | 406 ||| BUYING potion of curing (42 gold).
   406 | D:1      | Bought a potion of curing for 42 gold pieces
   406 | D:1      | 406 ||| SHOPLISTING potion of curing (42 gold, have 11).
   406 | D:1      | 406 ||| SHOPLISTING potion of mutation (112 gold, have 11).
   608 | D:1      | Reached skill level 3 in Axes
   608 | D:1      | Reached XP level 3. HP: 16/23 MP: 3/3
   753 | D:1      | 753 ||| READING scroll labelled METYEL MEN JIO.
   754 | D:1      | 754 ||| READING scroll labelled FOIWKE MOANIS.
   813 | D:2      | Noticed Jessica
   820 | D:2      | Killed Jessica
   867 | D:2      | Reached XP level 4. HP: 28/28 MP: 4/4
   873 | D:2      | 873 ||| Stepping ~*~*~tactically~*~*~ (hiding).
   897 | D:2      | Noticed Sigmund
   898 | D:2      | 898 ||| Stepping ~*~*~tactically~*~*~ (hiding).
   900 | D:2      | 900 ||| Stepping ~*~*~tactically~*~*~ (hiding).
   902 | D:2      | 902 ||| Stepping ~*~*~tactically~*~*~ (hiding).
   907 | D:2      | 907 ||| DRINKING potion of curing.
   907 | D:2      | 907 ||| (to cure confusion)
   916 | D:2      | HP: 7/28 [something (3)]
   918 | D:2      | HP: 2/28 [worm (4)]
   919 | D:2      | Slain by Sigmund

Levels and vault maps discovered:
D:1:      lightli_iron_boxes, layout_loops_cross, serial_shops,
          nicolae_shop_tiny_glass
D:2:      layout_basic, hellmonk_ecumenical_altar_defaced_shrine,
          interstate_on_off, uniq_sigmund, uniq_jessica

Skill      XL: |  1  2 |
---------------+-------+-----
Axes           | 2 3 |  3.8
Fighting       | |  3.2
Armour         | |  3.2
Shields        | |  3.2

Action                     |  1- 3 |  4- 6 || total
---------------------------+-------+-------++-------
  Melee: War axe           |    68 |    15 ||    83
    Use: Scroll            |     3 |       ||     3
         Potion            |       |     1 ||     1
 Armour: Scale mail        |    41 |     6 ||    47
  Dodge: Dodged            |    27 |     4 ||    31
  Block: Buckler           |    12 |     1 ||    13

Table legend:
 A = Non-vault XP
 B = Vault XP
 C = Vault XP percentage of total XP
 D = Non-vault monster count
 E = Vault monster count
 F = Vault count percentage of total count
                 A         B        C        D         E       F
            +---------+---------+-------+---------+---------+-------
      Total |      48 |      40 |  45.5 |      20 |       2 |   9.1
            +---------+---------+-------+---------+---------+-------
        D:1 |      42 |       0 |   0.0 |      18 |       0 |   0.0
        D:2 |       6 |      40 |  87.0 |       2 |       2 |  50.0
            +---------+---------+-------+---------+---------+-------
